 Dungeon Crawl Stone Soup version 0.29-a0-322-g68df515428 (webtiles) character file.

Game seed: 6909534084306513531

7 GigaChad the Chopper (level 1, -4/18 HPs)
             Began as a Minotaur Gladiator on Apr 5, 2022.
             Slain by Crazy Yiuf
             ... wielding a +4 quarterstaff of chaos
              (9 damage)
             ... on level 2 of the Dungeon.
             The game lasted 00:00:54 (159 turns).

GigaChad the Chopper (Minotaur Gladiator)            Turns: 159, Time: 00:00:55

Health: -4/18      AC:  3    Str: 18    XL:     1   Next: 91%
Magic:  0/0        EV: 12    Int:  8    God:
Gold:   0          SH:  0    Dex: 11    Spells: 0/0 levels left

rFire   . . .      SeeInvis .   j - +7 mace of Cifut {venom, rC+ Int+3}
rCold   + . .      Faith    .   (no shield)
rNeg    . . .      Spirit   .   b - +0 leather armour
rPois   .          Reflect  .   c - +0 hat
rElec   .          Harm     .   (no cloak)
rCorr   .          Rampage  .   (no gloves)
Will    .....                   (no boots)
Stlth   +.........              (no amulet)
HPRegen 0.06/turn               (no ring)
MPRegen 0.07/turn               (no ring)

@: lethally poisoned (-4 -> -11)
A: horns 2, retaliatory headbutt
a: no special abilities


You were on level 2 of the Dungeon.
You visited 1 branch of the dungeon, and saw 2 of its levels.

Inventory:

Hand Weapons
 a - a +0 war axe
 j - the +7 mace of Cifut (weapon) {venom, rC+ Int+3}
   (You found it on level 2 of the Dungeon)

   It poisons the flesh of those it strikes.
   Int:       It affects your intelligence (+3).
   rC:        It protects you from cold.
Missiles
 d - 3 throwing nets (quivered)
 e - a javelin
Armour
 b - a +0 leather armour (worn)
 c - a +0 hat (worn)
Magical Staves
 f - a staff of air
Scrolls
 g - a scroll of magic mapping {unknown}
 h - a scroll of blinking {unknown}
Potions
 i - a potion of heal wounds {unknown}


   Skills:
 + Level 2.4 Fighting
 + Level 3.9 Axes
 + Level 2.0 Throwing
 + Level 3.6 Dodging


You couldn't memorise any spells.
You didn't know any spells.
Your spell library was empty.

Dungeon Overview and Level Annotations

Branches:
Dungeon (1/15)

Altars:

Annotations:
D:2 Crazy Yiuf


Innate Abilities, Weirdness & Mutations

You have a pair of horns on your head.
You reflexively headbutt those who attack you in melee.


Message History

i - a fuming silvery potion You see here a quokka corpse.
You hit the fungus.
The fungus begins to die.
You headbutt the fungus.
The fungus is lightly damaged.
You slash the fungus!
The fungus begins to die.
You slash the fungus!
The fungus is lightly damaged.
You hit the fungus. You slash the fungus! You headbutt the fungus!
The fungus is lightly damaged.
You hit the fungus.
A nearby fungus withers and dies. x2
You see here a +0 mace.
Found three maces.
Found a runed translucent door.
You see here the +7 mace of Cifut {venom, rC+ Int+3}.
j - the +7 mace of Cifut {venom, rC+ Int+3} You feel clever.
The +7 mace of Cifut {venom, rC+ Int+3} begins to drip with poison!
j - the +7 mace of Cifut (weapon)
{venom, rC+ Int+3} Crazy Yiuf shouts!
You see here a +0 mace.
You see here a +0 mace.
Found two maces.
You open the door.
Crazy Yiuf cries, "Whiteboard water hog!"
You hit Crazy Yiuf.
Crazy Yiuf is poisoned.
Crazy Yiuf is lightly wounded.
Crazy Yiuf hits you with a +4 quarterstaff of chaos.
You are poisoned.
You hit Crazy Yiuf.
Crazy Yiuf looks as sick as possible!
Crazy Yiuf is moderately wounded.
You feel very sick.
Crazy Yiuf whimpers, "Aardvark!"
Crazy Yiuf barely misses you.
Crazy Yiuf hits you with a +4 quarterstaff of chaos.
* * * LOW HITPOINT WARNING * * *
You blink.
Crazy Yiuf attacks as you move away! Crazy Yiuf hits you but does no damage.
You are electrocuted!
Ouch! That really hurt!
You die...

#####
#).)#
#...#
#@..#
##g##
♣♣§♣
♣)♣♣
♣♣)♣
♣.♣♣
♣♣)♣♣
♣...♣♣
#.
♣P...♣
#...


You could see Crazy Yiuf (extremely poisoned).

Vanquished Creatures
  3 jackals (D:1)
  A quokka (D:2)
  2 ball pythons (D:1)
  A rat (D:2)
7 creatures vanquished.

Vanquished Creatures (others)
  2 fungi (D:2)
2 creatures vanquished.

Grand Total: 9 creatures vanquished

Notes
Turn   | Place    | Note
-------+----------+-------------------------------------------
     0 | D:1      | GigaChad the Minotaur Gladiator began the quest for the
                  | Orb.
     0 | D:1      | Reached XP level 1. HP: 18/18 MP: 0/0
   103 | D:1      | You fall into a shaft and drop 1 floor!
   150 | D:2      | Found a runed translucent door.
   150 | D:2      | Identified the +7 mace of Cifut {venom, rC+ Int+3}
   153 | D:2      | Noticed Crazy Yiuf
   159 | D:2      | Slain by Crazy Yiuf

Illustrated notes

Levels and vault maps discovered:
D:1:      pf_arrival_petrified_forest, layout_loops_corners,
          shapermc_ecumenical_altar_ellora, chequers_serial_rivers_micro_c
D:2:      layout_rooms, basic_altar, minmay_small_reverse_x,
          uniq_crazy_yiuf_cottage

Action                   || total
-------------------------++-------
Melee: War axe           ||    16
       Headbutt          ||     5
       Mace              ||     2
Armor: Leather armour    ||     4
Dodge: Dodged            ||    12

Table legend: (Time is in decaauts)
 A = Elapsed time spent in this place.
 B = Non-inter-level travel time spent in this place.
 C = Inter-level travel time spent in this place.
 D = Time resting spent in this place.
 E = Time spent auto-exploring this place.
 F = Levels seen in this place.
 G = Mean time per level.
                   A        B        C        D        E       F      G
               +--------+--------+--------+--------+--------+-----+--------+
         Total |    163 |    156 |      7 |      0 |     35 |   2 |   81.5 |
       Dungeon |    163 |    156 |      7 |      0 |     35 |   2 |   81.5 |
               +--------+--------+--------+--------+--------+-----+--------+

Top non-repeatable levels by time:
     D:1: 105 daAuts
     D:2: 57 daAuts
